 Dungeon Crawl Stone Soup version 0.28-a0-1234-g826d19b2e0 (webtiles) character file.

Game seed: 15657833934834421673

1664 frimble the Insei (level 8, -4/58 HPs)
             Began as a Demonspawn Warper on Dec 24, 2021.
             Was an Initiate of Cheibriados.
             Slain by Prince Ribbit (16 damage)
             ... on level 6 of the Dungeon.
             The game lasted 00:08:04 (8123 turns).

frimble the Insei (Demonspawn Warper)               Turns: 8123, Time: 00:08:05

Health: -4/58      AC:  8    Str: 12    XL:     8   Next: 69%
Magic:  8/11       EV: 12    Int: 17    God:    Cheibriados [......]
Gold:   721        SH:  0    Dex: 15    Spells: 9/11 levels left

rFire   . . .      SeeInvis .     - Unarmed
rCold   + . .      Faith    .   (no shield)
rNeg    . . .      Spirit   .   b - +1 leather armour
rPois   .          Reflect  .   (no helmet)
rElec   .          Harm     .   (no cloak)
rCorr   .          Rampage  .   (gloves unavailable)
Will    .....                   (no boots)
Stlth   ++........              (no amulet)
HPRegen 0.19/turn               p - +4 ring of protection
MPRegen 0.12/turn               q - ring of protection from cold

@: on blink cooldown, very slow
A: claws 3, demonic guardian 1, ignite blood 1
a: Renounce Religion


You were on level 6 of the Dungeon.
You worshipped Cheibriados.
Cheibriados was noncommittal.
You visited 2 branches of the dungeon, and saw 7 of its levels.

You collected 1033 gold pieces.
You spent 312 gold pieces at shops.

Inventory:

Hand Weapons
 a - a +1 falchion
Missiles
 d - 8 boomerangs of dispersal
 e - 8 boomerangs
 g - 35 poisoned darts (quivered)
Armour
 b - a +1 leather armour (worn)
 u - a +0 buckler
Jewellery
 j - an amulet of guardian spirit
 p - a +4 ring of protection (left claw)
 q - a ring of protection from cold (right claw)
 x - a ring of willpower
Scrolls
 c - a scroll of blinking
 f - 2 scrolls of immolation
 i - a scroll of teleportation
 k - a scroll of magic mapping
 m - a scroll of enchant armour
 r - 3 scrolls of identify
 s - a scroll of silence
Potions
 h - a potion of haste
 l - 3 potions of curing
 n - a potion of lignification
 o - 2 potions of flight
 t - 2 potions of invisibility
 v - a potion of heal wounds
 w - 2 potions of berserk rage
 z - a potion of brilliance {unknown}


   Skills:
 - Level 3.0 Fighting
 - Level 3.0 Long Blades
 + Level 5.7 Throwing
 - Level 0.8 Armour
 - Level 3.0 Dodging
 + Level 1.5 Stealth
 + Level 2.5 Shields
 + Level 6.2 Unarmed Combat
 - Level 2.0 Spellcasting
 - Level 2.6 Translocations


You had 9 spell levels left.
You knew the following spells:

 Your Spells              Type           Power      Damage    Failure   Level
a - Blink                 Tloc           20%        N/A       12%         2

Your spell library contained the following spells:

 Spells                   Type           Power      Damage    Failure   Level
 Gell's Gravitas          Tloc           10%        N/A       24%         3
 Lesser Beckoning         Tloc           10%        N/A       24%         3
 Teleport Other           Tloc           10%        N/A       24%         3
 Static Discharge         Conj/Air       1%         N/A       36%         2
 Ozocubu's Armour         Ice            1%         N/A       58%         3
 Manifold Assault         Tloc           10%        N/A       92%         5
 Dispel Undead            Necr           1%         3d6       94%         4
 Sticky Flame             Conj/Fire      1%         2d3       94%         4
 Ozocubu's Refrigeration  Ice            0%         4d5       100%        7


Dungeon Overview and Level Annotations

Branches:
Dungeon (6/15)             Temple (1/1) D:5

Altars:
Ashenzari
Cheibriados
Ru
Sif Muna
Uskayaw

Shops:
D:6 !

Annotations:
D:6 Prince Ribbit


Innate Abilities, Weirdness & Mutations

You have claws for hands.
A weak demonic guardian rushes to your aid.
Your demonic aura sometimes causes spilled blood to erupt in flames.


Message History

You throw a poisoned dart.
The poisoned dart closely misses Prince Ribbit.
Prince Ribbit blinks!
Throw: 39 darts (poison)
Press: ? - help, Q - select action, (/) - cycle Shift-Dir - straight line, f/p - Prince Ribbit
Aim: Prince Ribbit (moderately wounded, 41% to hit)
You throw a poisoned dart.
The poisoned dart closely misses Prince Ribbit.
Throw: 38 darts (poison)
Press: ? - help, Q - select action, (/) - cycle Shift-Dir - straight line, f/p - Prince Ribbit
Aim: Prince Ribbit (moderately wounded, 41% to hit)
You throw a poisoned dart.
The poisoned dart barely misses Prince Ribbit.
Throw: 37 darts (poison)
Press: ? - help, Q - select action, (/) - cycle Shift-Dir - straight line, f/p - Prince Ribbit
Aim: Prince Ribbit (moderately wounded, 41% to hit)
You throw a poisoned dart. The poisoned dart hits Prince Ribbit!
Prince Ribbit is poisoned.
Prince Ribbit is moderately wounded.
You feel stable enough to blink again.
You barely miss Prince Ribbit.
Prince Ribbit is moderately wounded.
Prince Ribbit croaks regally.
Prince Ribbit closely misses you.
Casting: Blink (safe; 12% risk of failure)
Confirm with . or Enter, or press ? or * to list all spells.
You blink.
Throw: 36 darts (poison)
Press: ? - help, Q - select action, (/) - cycle Shift-Dir - straight line, f/p - Prince Ribbit
Aim: Prince Ribbit (moderately wounded, very poisoned, 41% to hit)
You throw a poisoned dart. The poisoned dart hits Prince Ribbit!
Prince Ribbit looks as sick as possible!
Prince Ribbit is moderately wounded.
Prince Ribbit hits you!
* * * LOW HITPOINT WARNING * * *
You claw Prince Ribbit!
Prince Ribbit is severely wounded.
Prince Ribbit is engulfed in blazing flames.
Prince Ribbit hits you!
You die...

.# ##.#..# .#
##<#.# .# #.#.###
.# #.....# ##
#.....####
#.......(#
#(..(.##(#
#...(.##)#
....####@# #####
#F# #.# #(# #(#
#.# ############
#.# ...........#
#.#
##########.#####.#


You could see Prince Ribbit (extremely poisoned).

Vanquished Creatures
  Grinder (D:5)
  Duvessa (D:5)
  2 water moccasins
  A hornet zombie (D:5)
  A necrophage (D:4)
  2 ogres
  A bullfrog (D:6)
  A scorpion (D:5)
  A jelly (D:5)
  Dowan (D:5)
  A centaur zombie (D:6)
  A bullfrog skeleton (D:6)
  An orc priest (D:6)
  6 hounds
  2 iguanas
  2 orc wizards (D:4)
  A hound skeleton (D:5)
  3 gnolls (D:6)
  5 adders
  A white imp (D:5)
  2 dart slugs
  10 orcs
  11 endoplasms
  2 giant cockroaches
  8 goblins
  7 hobgoblins
  8 jackals
  6 kobolds
  4 quokkas
  6 ball pythons
  4 bats
  9 frilled lizards
  7 rats
119 creatures vanquished.

Vanquished Creatures (collateral kills)
  A jelly (D:5)
  An iguana (D:5)
2 creatures vanquished.

Grand Total: 121 creatures vanquished

Notes
Turn   | Place    | Note
-------+----------+-------------------------------------------
     0 | D:1      | frimble the Demonspawn Warper began the quest for the Orb.
     0 | D:1      | Reached XP level 1. HP: 16/16 MP: 3/3
   483 | D:1      | Gained mutation: Your demonic aura sometimes causes spilled
                  | blood to erupt in flames. [demonic ancestry]
   483 | D:1      | Reached XP level 2. HP: 22/22 MP: 5/5
  1036 | D:1      | Found a faded altar of an unknown god.
  1344 | D:1      | Gained mutation: A weak demonic guardian rushes to your
                  | aid. [demonic ancestry]
  1344 | D:1      | Reached XP level 3. HP: 26/27 MP: 6/6
  2647 | D:3      | Gained mutation: You have sharp fingernails. [demonic
                  | ancestry]
  2647 | D:3      | Reached XP level 4. HP: 33/33 MP: 7/7
  3688 | D:4      | Reached skill level 1 in Unarmed Combat
  3904 | D:4      | Noticed an ogre
  3904 | D:4      | Noticed a necrophage
  4228 | D:4      | Gained mutation: You have very sharp fingernails. [demonic
                  | ancestry]
  4228 | D:4      | Reached XP level 5. HP: 18/40 MP: 8/8
  4488 | D:4      | Reached skill level 1 in Throwing
  4552 | D:4      | Found a sacrificial altar of Ru.
  4583 | D:4      | Killed an ogre
  4584 | D:4      | Reached skill level 2 in Unarmed Combat
  4587 | D:4      | Learned a level 2 spell: Blink
  4857 | D:4      | Killed a necrophage
  4858 | D:4      | Reached skill level 3 in Unarmed Combat
  4858 | D:4      | Reached XP level 6. HP: 32/47 MP: 9/9
  5136 | D:5      | Entered Level 5 of the Dungeon
  5373 | D:5      | HP: 2/47 [iguana (11)]
  5715 | D:5      | Noticed Dowan
  5716 | D:5      | Noticed Duvessa
  5731 | D:5      | Killed Duvessa
  5732 | D:5      | Reached skill level 4 in Unarmed Combat
  5732 | D:5      | Gained mutation: You have claws for hands. [demonic
                  | ancestry]
  5732 | D:5      | Reached XP level 7. HP: 20/52 MP: 10/10
  5744 | D:5      | Killed Dowan
  5840 | D:5      | Found a staircase to the Ecumenical Temple.
  6168 | D:5      | Noticed Grinder
  6178 | D:5      | Killed Grinder
  6179 | D:5      | Reached skill level 5 in Unarmed Combat
  6179 | D:5      | Reached XP level 8. HP: 36/58 MP: 11/11
  6449 | D:5      | Reached skill level 5 in Throwing
  6904 | Temple   | Entered the Ecumenical Temple
  7008 | Temple   | Became a worshipper of Cheibriados the Contemplative
  7059 | D:6      | Found Acup's Distillery.
  7066 | D:6      | Bought a potion of heal wounds for 60 gold pieces
  7066 | D:6      | Bought a potion of invisibility for 96 gold pieces
  7066 | D:6      | Bought a potion of berserk rage for 60 gold pieces
  7066 | D:6      | Bought a potion of berserk rage for 60 gold pieces
  7066 | D:6      | Bought a potion of curing for 36 gold pieces
  7091 | D:6      | Reached skill level 1 in Shields
  7254 | D:6      | Reached skill level 6 in Unarmed Combat
  7371 | D:6      | Reached skill level 1 in Stealth
  7706 | D:6      | Noticed Prince Ribbit
  8099 | D:6      | Identified a scroll of acquirement
  8099 | D:6      | Acquired 634 gold pieces
  8123 | D:6      | Slain by Prince Ribbit

Illustrated notes

Levels and vault maps discovered:
D:1:      ebering_trefoil_3fold, layout_basic, hellmonk_ecumenical_altar_blasted
D:2:      layout_basic
D:3:      minmay_bubble_buster, layout_basic, minmay_increasing_density
D:4:      minmay_spotlight, layout_rooms, mainiacjoe_overflow_catwalk
D:5:      layout_basic, minmay_temple_entry_ruins, dk_noncrumbling_3,
          uniq_grinder, uniq_duvessa
D:6:      layout_loops_ring, serial_shops, nicolae_square_shop,
          uniq_prince_ribbit1
Temple:   regret_index_temple_generic_petals

Skill      XL: |  1  2  3  4  5  6  7  8 |
---------------+-------------------------+-----
Long Blades    | 2 3 |  3.0
Dodging        | 2 3 |  3.0
Unarmed Combat | 1 3 4 5 6 |  6.2
Throwing       | 2 3 4 5 |  5.7
Fighting       | 3 |  3.0
Shields        | 2 |  2.5
Stealth        | 1 |  1.5
Armour         | |  0.8
Spellcasting   | |  2.0
Translocations | |  2.6

Action                   |  1- 3 |  4- 6 |  7- 9 || total
-------------------------+-------+-------+-------++-------
Melee: Falchion          |   167 |   143 |       ||   310
       Unarmed           |       |    45 |   110 ||   155
       Punch             |       |       |     2 ||     2
Throw: Boomerang         |     1 |     1 |       ||     2
       Dart              |       |     9 |    28 ||    37
 Cast: Blink             |       |       |     4 ||     4
  Use: Scroll            |     1 |    10 |     5 ||    16
       Potion            |       |     2 |     1 ||     3
Armor: Leather armour    |    43 |    42 |    22 ||   107
Dodge: Dodged            |   123 |   120 |    50 ||   293

Table legend: (Time is in decaauts)
 A = Elapsed time spent in this place.
 B = Non-inter-level travel time spent in this place.
 C = Inter-level travel time spent in this place.
 D = Time resting spent in this place.
 E = Time spent auto-exploring this place.
 F = Levels seen in this place.
 G = Mean time per level.
                   A        B        C        D        E       F      G
               +--------+--------+--------+--------+--------+-----+--------+
         Total |   8315 |   8037 |    278 |    200 |   6611 |   7 | 1187.9 |
       Dungeon |   8176 |   7958 |    218 |    200 |   6536 |   6 | 1362.7 |
        Temple |    138 |     79 |     59 |      0 |     75 |   1 |  138.0 |
               +--------+--------+--------+--------+--------+-----+--------+

Top non-repeatable levels by time:
     D:5: 1958 daAuts
     D:3: 1709 daAuts
     D:1: 1584 daAuts
     D:6: 1032 daAuts
     D:4: 1025 daAuts
     D:2: 866 daAuts
  Temple: 138 daAuts
